 Dungeon Sprint DCSS version 0.30-a0-879-ga8ba668304 (webtiles) character file.

Game seed: 8807501183823893937

363472 BigDaddyOpFi the End of an Era (level 22, -2/229 (233) HPs)
             Began as a Hill Orc Fighter on Mar 10, 2023.
             Was the Champion of Qazlal.
             Slain by a seraph
             ... wielding a +6 great sword of flaming
              (39 damage)
             ... in the Dungeon (Sprint VII: "The Pits") on Mar 12, 2023.
             The game lasted 00:27:23 (13001 turns).

BigDaddyOpFi the End of an Era (Hill Orc Fighter)  Turns: 13001, Time: 00:27:23

HP:   -2/229 (233)  AC: 56    Str: 36    XL:     22   Next: 12%
MP:   43/43         EV: 19    Int: 11    God:    Qazlal [******]
Gold: 235           SH: 38    Dex: 13    Spells: 74/74 levels left

rFire   + . .      SeeInvis .    M - +11 broad axe (heavy)
rCold   + + .      Faith    .    z - +1 tower shield
rNeg    . . .      Spirit   .    O - +9 scales of the Dragon King {rPois rF+ rC+ Will+}
rPois   +          Reflect  +    G - +2 helmet {Int+3}
rElec   +          Rampage  .    y - +4 cloak
rCorr   .          Clarity  +    P - +4 pair of gloves
Will    ++...      NoTele   +    s - +2 pair of boots {Fly}
Stlth   +                        C - amulet "Papyfybb" {Reflect rElec Dex+3 SH+5}
HPRegen 0.58/turn                L - ring of Badud {rElec Slay+5}
MPRegen 0.28/turn                K - ring of Veody {rElec MP-9 Str+6 Slay+5}

@: protected from cold, flying, studying Maces & Flails, lightly drained, repel
missiles
A: talons 1, clarity, poison resistance
0: Orb of Zot
}: 3/3 runes: silver, golden, iron
a: Renounce Religion, Upheaval, Elemental Force, Disaster Area


You were in the Dungeon.
You worshipped Qazlal.
Qazlal was exalted by your worship.
You visited 1 branch You collected 235 gold pieces.

Inventory:

Hand Weapons
 r - a +9 broad axe of distortion
 M - a +11 heavy broad axe (weapon)
Armour
 s - a +2 pair of boots of flying (worn)
 y - a +4 cloak (worn)
 z - a +1 tower shield (worn)
 G - a +2 helmet of intelligence (worn)
 O - the +9 scales of the Dragon King (worn) {rPois rF+ rC+ Will+}
   (You found it in the Dungeon)

   rF:        It protects you from fire.
   rC:        It protects you from cold.
   rPois:     It protects you from poison.
   Will:      It increases your willpower.
 P - a +4 pair of gloves (worn)
Jewellery
 l - a ring of wizardry
 m - the ring "Koforrul" {rElec EV+5}
   (You found it in the Dungeon)

   [ring of evasion]

   EV:        It affects your evasion (+5).
   rElec:     It insulates you from electricity.
 t - the ring "Kiwe" {Wiz Dex+6}
   (You found it in the Dungeon)

   [ring of wizardry]

   It improves your spell success rate.
   Dex:       It affects your dexterity (+6).
 u - an amulet of regeneration
 v - a ring of positive energy
 w - a ring of willpower
 C - the amulet "Papyfybb" (around neck) {Reflect rElec Dex+3 SH+5}
   (You found it in the Dungeon)

   [amulet of reflection]

   It reflects blocked missile attacks.
   Dex:       It affects your dexterity (+3).
   rElec:     It insulates you from electricity.
   SH:        It affects your SH (+5).
 D - the ring "Wasor" {rPois rC- Slay+2 SInv}
   (You took it off a frost giant in the Dungeon)

   [ring of poison resistance]

   Slay:      It affects your accuracy & damage with ranged weapons and melee
   (+2).
   rC:        It makes you vulnerable to cold.
   rPois:     It protects you from poison.
   SInv:      It lets you see invisible.
 E - a ring of positive energy
 F - the ring "Tagu Jich" {Will+ Str+4}
   (You found it in the Dungeon)

   [ring of willpower]

   Str:       It affects your strength (+4).
   Will:      It increases your willpower.
 H - the ring "Haduoh" {rN+ Str+2}
   (You found it in the Dungeon)

   [ring of positive energy]

   Str:       It affects your strength (+2).
   rN:        It protects you from negative energy.
 K - the ring of Veody (right hand) {rElec MP-9 Str+6 Slay+5}
   (You found it in the Dungeon)

   [ring of slaying]

   Str:       It affects your strength (+6).
   Slay:      It affects your accuracy & damage with ranged weapons and melee
   (+5).
   rElec:     It insulates you from electricity.
   MP:        It affects your magic capacity (-9).
 L - the ring of Badud (left hand) {rElec Slay+5}
   (You found it in the Dungeon)

   [ring of slaying]

   Slay:      It affects your accuracy & damage with ranged weapons and melee
   (+5).
   rElec:     It insulates you from electricity.
 N - the ring of Achaorghe {Str+6 Dex+3 Stlth+}
   (You found it in the Dungeon)

   [ring of strength]

   Str:       It affects your strength (+6).
   Dex:       It affects your dexterity (+3).
   Stlth:     It makes you more stealthy.
 Q - the ring of the Dragon {Int+6 Dex+3}
   (You found it in the Dungeon)

   [ring of intelligence]

   Int:       It affects your intelligence (+6).
   Dex:       It affects your dexterity (+3).
 R - the amulet of the Past {RegenMP rPois Str+8 Int-3}
   (You found it in the Dungeon)

   [amulet of magic regeneration]

   It increases your rate of magic regeneration.
   Str:       It affects your strength (+8).
   Int:       It affects your intelligence (-3).
   rPois:     It protects you from poison.
 S - the ring "Miweoch" {rN+ Str+5 Dex-2 SInv Stlth+}
   (You found it in the Dungeon)

   [ring of positive energy]

   Str:       It affects your strength (+5).
   Dex:       It affects your dexterity (-2).
   rN:        It protects you from negative energy.
   SInv:      It lets you see invisible.
   Stlth:     It makes you more stealthy.
 T - the amulet of Ginwetog {RegenMP Slay+2}
   (You found it in the Dungeon)

   [amulet of magic regeneration]

   It increases your rate of magic regeneration.
   Slay:      It affects your accuracy & damage with ranged weapons and melee
   (+2).
 U - the amulet "Wikuuwka" {RegenMP rElec rPois Will+ MP-9}
   (You found it in the Dungeon)

   [amulet of magic regeneration]

   It increases your rate of magic regeneration.
   rElec:     It insulates you from electricity.
   rPois:     It protects you from poison.
   MP:        It affects your magic capacity (-9).
   Will:      It increases your willpower.
 V - the ring "Gejuewn" {MP+9 Int+3}
   (You found it in the Dungeon)

   [ring of magical power]

   Int:       It affects your intelligence (+3).
   MP:        It affects your magic capacity (+9).
 W - the ring "Teigg" {Fly rPois rCorr Dex-2}
   (You found it in the Dungeon)

   [ring of flight]

   Dex:       It affects your dexterity (-2).
   rPois:     It protects you from poison.
   Fly:       It grants you flight.
   rCorr:     It protects you from acid and corrosion.
 X - the ring "Ephiuj" {rElec rPois Str+6}
   (You found it in the Dungeon)

   [ring of strength]

   Str:       It affects your strength (+6).
   rElec:     It insulates you from electricity.
   rPois:     It protects you from poison.
 Y - the amulet of Qoh Kuak {Spirit rF- Str+3 SInv}
   (You found it in the Dungeon)

   [amulet of guardian spirit]

   It causes incoming damage to be divided between your reserves of health and
   magic.
   Str:       It affects your strength (+3).
   rF:        It makes you vulnerable to fire.
   SInv:      It lets you see invisible.
 Z - the ring of Vor Qot {Fly Int+2}
   (You found it in the Dungeon)

   [ring of flight]

   Int:       It affects your intelligence (+2).
   Fly:       It grants you flight.
Wands
 b - a wand of light (5)
 c - a wand of polymorph (8)
 J - a wand of roots (4)
Scrolls
 a - 3 scrolls of fear
 f - a scroll of summoning
 j - 2 scrolls of blinking
 o - 4 scrolls of identify
 p - 3 scrolls of magic mapping
 q - 5 scrolls of fog
 B - 10 scrolls of amnesia
Potions
 d - 15 potions of curing
 e - 26 potions of heal wounds
 g - 12 potions of haste
 h - 4 potions of magic
 i - 6 potions of berserk rage
 k - 5 potions of invisibility
 n - 5 potions of brilliance
 x - 3 potions of might
 I - 2 potions of flight
Miscellaneous
 A - a box of beasts


   Skills:
 O Level 27 Fighting
 O Level 27 Axes
 O Level 27 Armour
 O Level 27 Dodging
 O Level 27 Stealth
 O Level 27 Shields
 * Level 26.6 Spellcasting
 O Level 27 Earth Magic
 O Level 27 Invocations
 O Level 27 Evocations


You had 74 spell levels left.
You didn't know any spells.
Your spell library contained the following spells:

 Spells                   Type           Power      Damage    Failure   Level
 Sandblast                Erth           100%       2d20      0%          1
 Passwall                 Tmut/Erth      36%        N/A       1%          2
 Stone Arrow              Conj/Erth      88%        3d12      1%          3
 Animate Armour           Summ/Erth      88%        N/A       1%          4
 Leda's Liquefaction      Hex/Erth       22%        N/A       1%          4
 Iron Shot                Conj/Erth      22%        9d5       6%          6
 Statue Form              Tmut/Erth      29%        N/A       6%          6
 Beastly Appendage        Tmut           28%        N/A       10%         1
 Foxfire                  Conj/Fire      56%        2x1d6     10%         1
 Kiss of Death            Conj/Necr      56%        2d9       10%         1
 Necrotise                Necr           56%        1d6       10%         1
 Slow                     Hex            56%        N/A       10%         1
 Blink                    Tloc           28%        N/A       14%         2
 Ensorcelled Hibernation  Hex/Ice        28%        N/A       14%         2
 Lesser Beckoning         Tloc           28%        N/A       14%         2
 Momentum Strike          Conj/Tloc      28%        3d8       14%         2
 Static Discharge         Conj/Air       28%        2-4/arc   14%         2
 Sublimation of Blood     Necr           14%        N/A       14%         2
 Wereblood                Tmut           14%        N/A       14%         2
 Shatter                  Erth           32%        3d26*     16%         9
 Confusing Touch          Hex            14%        N/A       28%         3
 Ignite Poison            Fire/Tmut/Pois 14%        N/A       28%         3
 Kindle Blastsparks       Fire/Tloc/Air  28%        2d12      28%         3
 Ozocubu's Armour         Ice            14%        N/A       28%         3
 Portal Projectile        Hex/Tloc       28%        N/A       28%         3
 Spider Form              Tmut/Pois      14%        N/A       28%         3
 Summon Guardian Golem    Hex/Summ       14%        N/A       28%         3
 Swiftness                Air            14%        N/A       28%         3
 Tukima's Dance           Hex            14%        N/A       28%         3
 Vampiric Draining        Necr           14%        2d7       28%         3
 Airstrike                Air            7%         2d(1-17)  67%         4
 Anguish                  Hex/Necr       7%         N/A       67%         4
 Cause Fear               Hex            7%         N/A       67%         4
 Dispel Undead            Necr           14%        3d10      67%         4
 Flame Wave               Conj/Fire      14%        2d6       67%         4
 Ice Form                 Ice/Tmut       14%        N/A       67%         4
 Olgreb's Toxic Radiance  Pois           14%        N/A       67%         4
 Summon Lightning Spire   Summ/Air       14%        N/A       67%         4
 Agony                    Necr           14%        N/A       95%         5
 Arcjolt                  Conj/Air       7%         1d17      95%         5
 Blade Hands              Tmut           7%         N/A       95%         5
 Freezing Cloud           Conj/Ice/Air   7%         6-21      95%         5
 Lightning Bolt           Conj/Air       7%         1d19      95%         5
 Metabolic Englaciation   Hex/Ice        7%         N/A       95%         5
 Summon Mana Viper        Hex/Summ       14%        N/A       95%         5
 Yara's Violent Unravell  Hex/Tmut       7%         3d5       95%         5
 Simulacrum               Ice/Necr       7%         N/A       100%        6
 Enfeeble                 Hex            7%         N/A       100%        7
 Malign Gateway           Summ/Tloc      7%         N/A       100%        7
 Ozocubu's Refrigeration  Ice            7%         4d9       100%        7
 Discord                  Hex            7%         N/A       100%        8
 Ignition                 Fire           7%         3d4       100%        8
 Necromutation            Tmut/Necr      7%         N/A       100%        8
 Summon Horrible Things   Summ           7%         N/A       100%        8
 Fire Storm               Conj/Fire      7%         8d2       100%        9


Dungeon Overview and Level Annotations

Branches:
Dungeon (1/1)

Altars:
Ashenzari
Cheibriados
Dithmenos
Elyvilon
Fedhas
Gozag
Hepliaklqana
Kikubaaqudgha
Makhleb
Nemelex Xobeh
Okawaru
Qazlal
Ru
Sif Muna
Trog
Uskayaw
Vehumet
Wu Jian
Xom
Yredelemnul
Zin
The Shining One
Beogh
Jiyva
Lugonu


Innate Abilities, Weirdness & Mutations

You have sharp toenails.
You possess an exceptional clarity of mind.
Your system is resistant to poisons. (rPois)


Message History

The golden flame engulfs the cherub.
The cherub completely resists.
The cherub sings a powerful hymn!
The angels go into a battle-frenzy!
The angel completely misses you. The angel misses you.
You feel much better. You block the angel's attack.
The angel hits you but does no damage. You block the angel's attack.
The angel barely misses you.
You block the profane servitor's attack.
The profane servitor hits you with a +3 demon whip of freezing!
* * * LOW HITPOINT WARNING * * *
Your resistance to physical damage fades away.
You feel protected from cold. The profane servitor freezes you.
* * * LOW HITPOINT WARNING * * *
The seraph is struck by lightning.
The seraph gestures.
The seraph channels a blast of cleansing flame!
The golden flame engulfs the seraph.
The seraph completely resists.
The golden flame engulfs the angel.
The angel completely resists.
The golden flame engulfs the angel.
The angel completely resists.
The golden flame engulfs you but does no damage.
The golden flame engulfs the profane servitor.
The profane servitor completely resists.
The golden flame engulfs the angel.
The angel completely resists.
The golden flame engulfs the angel.
The angel completely resists.
The golden flame engulfs the cherub.
The cherub completely resists.
You block the angel's attack. The angel hits you but does no damage.
The angel hits you with a +2 sacred scourge of holy wrath.
* * * LOW HITPOINT WARNING * * *
The angel misses you.
The angel hits you with a +2 whip of holy wrath!!
* * * LOW HITPOINT WARNING * * *
You block the angel's attack. The cherub closely misses you. x2
You feel much better.
The angel no longer looks unusually strong.
The angel gestures.
The angel is healed somewhat.
You block the profane servitor's attack. x2
The seraph hits you with a +6 great sword of flaming!!!
You die...

..###.....###..)###.....###......
...#....###....)..###....#.......
.......##.......[...##...#.......
......##.............##..#.......
......#...............#..........
......#...............#..........
......#.......○.○°....#..........
......##......°AAA...##..#.......
.......##.....[A@...##...#.......
..)#....###.[..AAA###....#.......
..###.....###.°.###.....###......
.## ##......[..........## ##.....
## ##.....[.[.......## ##...[ #
################# ####'
###################### #######'
.'..≈≈...............# ###.[.)...
.'≈≈≈≈...............###))[......


You could see a seraph (strong, catching breath), a profane servitor (strong,
sheltered), 4 angels and a cherub (summoned, sheltered).

Vanquished Creatures
  Cerebov (D)
  Antaeus (D)
  Dissolution (D)
  the Royal Jelly (D)
  Ignacio (D)
  the Serpent of Hell (D)
  Mnoleg (D)
  4 ancient liches (D)
  2 orbs of fire (D)
  3 pandemonium lords (D)
  Mennas (D)
  2 royal mummies (D)
  Boris (D)
  2 Killer Klowns (D)
  Frederick (D)
  the Lernaean hydra (D)
  Margery (D)
  Xtahua (D)
  2 golden dragons (D)
  Jory (D)
  5 pearl dragons (D)
  Nikola (D)
  2 bone dragons (D)
  3 Tzitzimimeh (D)
  3 Brimstone Fiends (D)
  An electric golem (D)
  4 Hell Sentinels (D)
  4 Ice Fiends (D)
  A tentacled monstrosity (D)
  21 titans (D)
  8 deep elf blademasters (D)
  22 Orb Guardians (D)
  2 deep elf master archers (D)
  An acid blob (D)
  An Executioner (D)
  5 sphinxes (D)
  7 shadow dragons (D)
  A death cob (D)
  3 storm dragons (D)
  4 rockslimes (D)
  2 draconian knights (D)
  2 azure jellies (D)
  13 fire giants (D)
  3 nagarajas (D)
  2 balrugs (D)
  4 ghost moths (D)
  17 frost giants (D)
  2 iron dragons (D)
  3 deep elf sorcerers (D)
  Louise (D)
  An angel (D)
  4 orc warlords (D)
  A ghoul (D)
  A draconian stormcaller (D)
  A draconian annihilator (D)
  19 stone giants (D)
  A quicksilver ooze (D)
  A reaper (D)
  A war gargoyle (D)
  An ophan (D)
  A vampire knight (D)
  A black draconian (D)
  4 dire elephants (D)
  2 deep elf demonologists (D)
  2 purple draconians (D)
  2 green draconians (D)
  A minotaur (D)
  A red draconian (D)
  A white draconian (D)
  Azrael (D)
  2 deep elf annihilators (D)
  2 yellow draconians (D)
  2 deep elf death magi (D)
  An eidolon (D)
  Snorg (D)
  4 blizzard demons (D)
  2 merfolk javelineers (D)
  A deep elf high priest (D)
  7 ettins (D)
  3 yaktaur captains (D)
  7 fire dragons (D)
  4 green deaths (D)
  A great orb of eyes (D)
  4 ice dragons (D)
  8 hydras (D)
  2 catoblepae (D)
  2 ogre magi (D)
  A hell beast (D)
  An alligator snapping turtle (D)
  2 death knights (D)
  4 vault guards (D)
  An anaconda (shapeshifter) (D)
  2 anacondas (D)
  2 merfolk avatars (D)
  6 two-headed ogres (D)
  An iron elemental (D)
  5 death yaks (D)
  4 hell hogs (D)
  4 deep elf knights (D)
  5 sun demons (D)
  14 hell knights (D)
  A fire crab (shapeshifter) (D)
  2 iron trolls (D)
  A sixfirhy (D)
  6 swamp dragons (D)
  5 lindwurms (D)
  5 skeletal warriors (D)
  2 bog bodies (D)
  2 deep trolls (D)
  2 spriggan druids (D)
  A deep elf archer (D)
  A wizard (D)
  10 orc knights (D)
  2 phantasmal warriors (D)
  5 necromancers (D)
  A deep elf zephyrmancer (D)
  11 cyclopes (D)
  A deep elf pyromancer (D)
  An orc sorcerer (D)
  2 manticores (D)
  A moth of wrath (D)
  A rust devil (D)
  2 smoke demons (D)
  An orange demon (D)
  A cane toad (D)
  9 rime drakes (D)
  A guardian serpent (D)
  2 hellions (D)
  Psyche (D)
  2 unseen horrors (D)
  7 komodo dragons (D)
  A tormentor (D)
  2 ice devils (D)
  4 yaktaurs (D)
  A wind drake (D)
  A troll (D)
  5 merfolk (D)
  A tarantella (D)
  2 jumping spiders (D)
  2 large abominations (D)
  An air elemental (D)
  2 wyverns (D)
  2 flying skulls (D)
  2 spriggans (D)
  A water elemental (D)
  A fire elemental (D)
  A basilisk (shapeshifter) (D)
  4 golden eyes (D)
  A basilisk (D)
  A neqoxec (D)
  5 steam dragons (D)
  A chaos spawn (D)
  3 vampire mosquitoes (D)
  7 redbacks (D)
  10 acid dragons (D)
  A water moccasin (D)
  10 hell hounds (D)
  5 floating eyes (D)
  5 orc warriors (D)
  3 black bears (D)
  7 swamp drakes (D)
  4 ogres (D)
  A centaur (D)
  5 wolves (D)
  A bullfrog (D)
  A necrophage (D)
  3 scorpions (D)
  9 killer bees (D)
  2 quasits (D)
  A hound (D)
  Crazy Yiuf (D)
  2 gnoll boudas (D)
  Ijyb (D)
  An orc wizard (D)
  8 gnolls (D)
  A white imp (D)
  An adder simulacrum (D)
  10 orcs (D)
  A ball python (D)
  2 bat zombies (D)
  An endoplasm (D)
  A giant cockroach (D)
  A goblin (D)
  A hobgoblin (D)
  A ball python simulacrum (D)
  A bat (D)
  A frilled lizard (D)
  A giant cockroach simulacrum (D)
  A kobold (D)
  A rat (D)
575 creatures vanquished.

Vanquished Creatures (collateral kills)
  Mara (D)
  2 Orb Guardians (D)
  An iron troll (D)
4 creatures vanquished.

Vanquished Creatures (others)
  A pandemonium lord (D)
  A ghost moth (D)
  An orc warrior (D)
3 creatures vanquished.

Grand Total: 582 creatures vanquished

Notes
Turn   | Place    | Note
-------+----------+-------------------------------------------
     0 | D        | BigDaddyOpFi the Hill Orc Fighter began the quest for the
                  | Orb.
     0 | D        | Reached XP level 1. HP: 19/19 MP: 1/1
    15 | D        | Found a bloodstained altar of Trog.
    15 | D        | Found a shimmering blue altar of Sif Muna.
    15 | D        | Found a viscous altar of Jiyva.
    15 | D        | Found a hazy altar of Hepliaklqana.
    15 | D        | Found an opulent altar of Gozag.
    16 | D        | Found a glowing golden altar of the Shining One.
    16 | D        | Found a glowing silver altar of Zin.
    16 | D        | Found a basalt altar of Yredelemnul.
    16 | D        | Found a shimmering altar of Xom.
    16 | D        | Found an ornate altar of the Wu Jian Council.
    16 | D        | Found a sacrificial altar of Ru.
    16 | D        | Found a stormy altar of Qazlal.
    16 | D        | Found an iron altar of Okawaru.
    16 | D        | Found a sparkling altar of Nemelex Xobeh.
    16 | D        | Found a burning altar of Makhleb.
    16 | D        | Found a blossoming altar of Fedhas.
    16 | D        | Found a white marble altar of Elyvilon.
    16 | D        | Found a shadowy altar of Dithmenos.
    16 | D        | Found a snail-covered altar of Cheibriados.
    17 | D        | Found a radiant altar of Vehumet.
    17 | D        | Found a corrupted altar of Lugonu.
    17 | D        | Found a roughly hewn altar of Beogh.
    18 | D        | Found an ancient bone altar of Kikubaaqudgha.
    18 | D        | Found a hide-covered altar of Uskayaw.
    18 | D        | Found a broken altar of Ashenzari.
    23 | D        | Became a worshipper of Qazlal Stormbringer
    53 | D        | Noticed a scorpion
    59 | D        | Killed a scorpion
    59 | D        | Reached * piety under Qazlal
    60 | D        | Reached skill level 5 in Fighting
    60 | D        | Reached skill level 5 in Axes
    60 | D        | Reached skill level 5 in Armour
    60 | D        | Reached skill level 5 in Shields
    60 | D        | Reached XP level 2. HP: 18/30 MP: 2/2
    60 | D        | Reached XP level 3. HP: 22/37 MP: 3/3
    60 | D        | Reached XP level 4. HP: 27/44 MP: 4/4
    61 | D        | Noticed a scorpion
    68 | D        | Killed a scorpion
    69 | D        | Reached XP level 5. HP: 32/51 MP: 5/5
    80 | D        | Reached ** piety under Qazlal
    84 | D        | Noticed a black bear
    89 | D        | Killed a black bear
    90 | D        | Reached skill level 5 in Invocations
   149 | D        | Noticed Crazy Yiuf
   163 | D        | Killed Crazy Yiuf
   163 | D        | Reached *** piety under Qazlal
   164 | D        | Reached XP level 6. HP: 50/61 MP: 8/10
   195 | D        | Reached **** piety under Qazlal
   214 | D        | Reached ***** piety under Qazlal
   237 | D        | Reached XP level 7. HP: 26/69 MP: 11/13
   243 | D        | Noticed Ijyb
   249 | D        | Killed Ijyb
   502 | D        | Noticed a flying skull
   528 | D        | Killed a flying skull
   529 | D        | Reached skill level 10 in Axes
   529 | D        | Reached skill level 10 in Invocations
   533 | D        | Reached ****** piety under Qazlal
   563 | D        | Noticed a deep troll
   563 | D        | Noticed a vampire mosquito
   563 | D        | Noticed a vampire mosquito
   563 | D        | Noticed a vampire mosquito
   564 | D        | Killed a vampire mosquito
   564 | D        | Killed a vampire mosquito
   564 | D        | Killed a vampire mosquito
   565 | D        | Reached skill level 10 in Fighting
   565 | D        | Reached XP level 8. HP: 80/80 MP: 6/16
   567 | D        | Killed a deep troll
   568 | D        | Reached skill level 10 in Shields
   568 | D        | Reached XP level 9. HP: 86/86 MP: 0/18
   859 | D        | Noticed a tarantella
   868 | D        | Killed a tarantella
   869 | D        | Reached skill level 10 in Armour
   882 | D        | Noticed a phantasmal warrior
   883 | D        | Killed an unseen horror
   883 | D        | Killed a phantasmal warrior
   994 | D        | Noticed a tyrant leech
   994 | D        | Noticed Psyche
   999 | D        | Killed Psyche
  1000 | D        | Reached skill level 15 in Invocations
  1001 | D        | Banished a tyrant leech
  1002 | D        | Reached XP level 10. HP: 79/97 MP: 21/21
  1070 | D        | Noticed a deep troll
  1080 | D        | Killed a deep troll
  1121 | D        | Killed an unseen horror
  1328 | D        | Noticed a nagaraja
  1328 | D        | Paralysed by an air elemental for 1 turns
  1329 | D        | Noticed a manticore
  1330 | D        | Killed a manticore
  1330 | D        | Noticed a two-headed ogre
  1336 | D        | Killed a two-headed ogre
  1344 | D        | Banished a nagaraja
  1345 | D        | Reached XP level 11. HP: 98/107 MP: 5/24
  1532 | D        | Noticed a bog body
  1532 | D        | Noticed an orc sorcerer
  1533 | D        | Paralysed by a floating eye for 4 turns
  1538 | D        | Killed an orc sorcerer
  1538 | D        | Killed a bog body
  1539 | D        | Reached skill level 15 in Axes
  1853 | D        | Noticed a sun demon
  1863 | D        | Killed a sun demon
  1879 | D        | Noticed a five-headed hydra
  1886 | D        | Killed an eight-headed hydra
  1938 | D        | Noticed a hell hog
  1943 | D        | Noticed a hell hog
  1945 | D        | Noticed a hell hog
  1946 | D        | Killed a hell hog
  1947 | D        | Reached skill level 15 in Fighting
  1953 | D        | Killed a hell hog
  1955 | D        | Killed a hell hog
  1956 | D        | Reached XP level 12. HP: 68/121 MP: 16/26
  1989 | D        | Noticed a hell hog
  1995 | D        | Killed a hell hog
  2324 | D        | Noticed a two-headed ogre
  2341 | D        | Killed a two-headed ogre
  2437 | D        | Noticed a white draconian stormcaller
  2437 | D        | Noticed a bone dragon
  2437 | D        | Killed a white draconian stormcaller
  2458 | D        | Killed a bone dragon
  2459 | D        | Reached skill level 15 in Armour
  2459 | D        | Reached skill level 15 in Shields
  2461 | D        | Got Uruasat's Omnibus of Mutable Despair
  2464 | D        | Got the +6 scale mail of Panentheism {Fly Slay+5}
  2514 | D        | Noticed a deep elf blademaster
  2515 | D        | Noticed a yaktaur captain
  2515 | D        | Noticed an orc warlord
  2515 | D        | Noticed a vault guard
  2516 | D        | Killed a deep elf knight
  2516 | D        | Killed an orc warlord
  2516 | D        | Killed a vault guard
  2516 | D        | Killed a yaktaur captain
  2516 | D        | Killed a vault guard
  2516 | D        | Killed a deep elf blademaster
  2516 | D        | Killed a vault guard
  2517 | D        | Reached XP level 13. HP: 134/134 MP: 12/29
  2517 | D        | Noticed a yaktaur captain
  2522 | D        | Noticed a great orb of eyes
  2530 | D        | Banished a great orb of eyes
  2541 | D        | Killed a ghost moth
  2544 | D        | Noticed Azrael
  2547 | D        | Killed Azrael
  2547 | D        | Killed a yaktaur captain
  2547 | D        | Killed an orc warlord
  2672 | D        | Noticed a vault guard
  2683 | D        | Killed a vault guard
  2893 | D        | Upgraded the game from 0.30-a0-867-g305f33218d to
                  | 0.30-a0-870-gc5d4c5acee
  3121 | D        | Noticed Snorg
  3121 | D        | Noticed a minotaur
  3123 | D        | Reached XP level 14. HP: 140/144 MP: 21/31
  3126 | D        | Killed Snorg
  3126 | D        | Killed a ghost moth
  3130 | D        | Noticed a purple draconian
  3144 | D        | Reached skill level 27 in Invocations
  3146 | D        | Killed a purple draconian
  3532 | D        | Noticed a death cob
  3533 | D        | Killed an angel
  3533 | D        | Killed a death cob
  3533 | D        | Noticed a deep elf blademaster
  3537 | D        | Noticed a vampire knight
  3537 | D        | Noticed a yellow draconian
  3537 | D        | Killed a yellow draconian
  3537 | D        | Killed a deep elf blademaster
  3537 | D        | Killed a frost giant
  3537 | D        | Killed a vampire knight
  3538 | D        | Reached XP level 15. HP: 160/160 MP: 16/32
  3737 | D        | Noticed a fire giant
  3737 | D        | Noticed a storm dragon
  3742 | D        | Banished a fire giant
  3744 | D        | Killed a storm dragon
  3748 | D        | Noticed a shadow dragon
  3757 | D        | Noticed a nagaraja
  3762 | D        | Killed a shadow dragon
  3769 | D        | Killed a nagaraja
  4012 | D        | Noticed a sphinx
  4012 | D        | Noticed a shadow dragon
  4015 | D        | Killed a sphinx
  4018 | D        | Killed a shadow dragon
  4018 | D        | Noticed a deep elf sorcerer
  4019 | D        | Noticed an iron dragon
  4020 | D        | Killed a deep elf sorcerer
  4045 | D        | Killed an iron dragon
  4456 | D        | Noticed a golden dragon
  4457 | D        | Killed a golden dragon
  4458 | D        | Reached skill level 27 in Axes
  4458 | D        | Reached XP level 16. HP: 179/179 MP: 24/33
  4575 | D        | Got a silver rune of Zot
  4695 | D        | Noticed a sphinx
  4697 | D        | Noticed a sphinx
  4698 | D        | Killed a sphinx
  4698 | D        | Killed a sphinx
  4700 | D        | Noticed a nagaraja
  4704 | D        | Noticed a nagaraja
  4705 | D        | Killed a nagaraja
  4705 | D        | Killed a nagaraja
  4705 | D        | Noticed Frederick
  4706 | D        | Reached skill level 27 in Fighting
  4718 | D        | Killed Frederick
  4723 | D        | Reached skill level 27 in Shields
  4967 | D        | Got the Octavo of Scintillating Incineration
  5030 | D        | Got the ring of Veody {rElec MP-9 Str+6 Slay+5}
  5034 | D        | Got the ring of Badud {rElec Slay+5}
  5036 | D        | Got the ring of Iblopuice {rC- Str+6 Dex+5}
  5040 | D        | Got the amulet "Aliwagach" {rPois Regen+ Str+3}
  5122 | D        | Noticed a shadow dragon
  5131 | D        | Killed a shadow dragon
  5226 | D        | Found the +9 scales of the Dragon King {rPois rF+ rC+
                  | Will+}
  5230 | D        | Noticed a deep elf blademaster
  5235 | D        | Reached skill level 27 in Armour
  5244 | D        | Killed a deep elf blademaster
  5301 | D        | Reached skill level 5 in Dodging
  5314 | D        | Noticed a storm dragon
  5320 | D        | Noticed Dissolution
  5321 | D        | Killed a storm dragon
  5330 | D        | Paralysed by a floating eye for 3 turns
  5335 | D        | Killed Dissolution
  5336 | D        | Reached XP level 17. HP: 131/191 MP: 10/34
  5462 | D        | Noticed a bone dragon
  5463 | D        | Noticed a sphinx
  5463 | D        | Killed a sphinx
  5472 | D        | Killed a bone dragon
  5680 | D        | Noticed Mennas
  5680 | D        | Noticed a titan
  5684 | D        | Reached skill level 15 in Dodging
  5692 | D        | Killed a titan
  5719 | D        | Killed Mennas
  5989 | D        | Noticed a deep elf master archer
  5989 | D        | Noticed a profane servitor
  5989 | D        | Killed a deep elf master archer
  5993 | D        | Banished a profane servitor
  6136 | D        | Noticed an Executioner
  6137 | D        | Noticed an Ice Fiend
  6137 | D        | Killed an Executioner
  6140 | D        | Killed an Ice Fiend
  6144 | D        | Got the ring "Raewkoig" {Drain rPois rF+ rN+ Int+3 Dex-3}
  6146 | D        | Got the ring of Sophism {MP+9 Int+5}
  6180 | D        | Noticed a Brimstone Fiend
  6189 | D        | Banished a Brimstone Fiend
  6453 | D        | Got the ring "Ovovawn" {Ice rElec rN+++ Int-2 Dex+3}
  6455 | D        | Got the amulet of the Past {RegenMP rPois Str+8 Int-3}
  6485 | D        | Noticed Xtahua
  6485 | D        | Noticed a Brimstone Fiend
  6486 | D        | Killed Xtahua
  6486 | D        | Killed a Brimstone Fiend
  6729 | D        | Noticed Boris
  6753 | D        | Killed Boris
  6777 | D        | Noticed an ancient lich
  6777 | D        | Noticed an Orb Guardian
  6777 | D        | Noticed an Orb Guardian
  6777 | D        | Noticed an Orb Guardian
  6777 | D        | Noticed an Orb Guardian
  6777 | D        | Noticed Louise
  6778 | D        | Killed an Orb Guardian
  6778 | D        | Killed an Orb Guardian
  6778 | D        | Killed an Orb Guardian
  6778 | D        | Killed an Orb Guardian
  6778 | D        | Killed a tentacled monstrosity
  6778 | D        | Killed an ancient lich
  6778 | D        | Killed Louise
  6779 | D        | Reached XP level 18. HP: 200/200 MP: 10/35
  6779 | D        | Noticed a titan
  6779 | D        | Noticed Xoups the pandemonium lord
  6781 | D        | Killed a titan
  6783 | D        | Killed Xoups the pandemonium lord
  6783 | D        | Noticed Mara
  6791 | D        | Noticed Nikola
  6795 | D        | Noticed an Orb Guardian
  6799 | D        | Noticed BigDaddyOpFi's illusion
  6801 | D        | Noticed Higeo the pandemonium lord
  6803 | D        | Killed Nikola
  6803 | D        | Killed an Orb Guardian
  6804 | D        | Noticed an Orb Guardian
  6804 | D        | Noticed an Orb Guardian
  6805 | D        | Killed Mara
  6808 | D        | Reached skill level 27 in Dodging
  6808 | D        | Killed an Orb Guardian
  6809 | D        | Reached skill level 5 in Stealth
  6811 | D        | Killed Higeo the pandemonium lord
  6811 | D        | Killed an Orb Guardian
  6837 | D        | Reached skill level 10 in Stealth
  7139 | D        | Noticed an Orb Guardian
  7147 | D        | Killed an Orb Guardian
  7147 | D        | Noticed Ignacio
  7148 | D        | Noticed a deep elf blademaster
  7150 | D        | Killed an ancient lich
  7150 | D        | Killed a deep elf blademaster
  7150 | D        | Killed Ignacio
  7150 | D        | Killed an Orb Guardian
  7150 | D        | Killed an Orb Guardian
  7150 | D        | Noticed a Hell Sentinel
  7153 | D        | Noticed a Hell Sentinel
  7153 | D        | Noticed an Orb Guardian
  7153 | D        | Noticed an Orb Guardian
  7153 | D        | Noticed a pearl dragon
  7154 | D        | Killed an Orb Guardian
  7154 | D        | Killed a pearl dragon
  7154 | D        | Killed a Hell Sentinel
  7154 | D        | Killed an Orb Guardian
  7155 | D        | Noticed an Orb Guardian
  7162 | D        | Banished an Orb Guardian
  7166 | D        | Killed a Hell Sentinel
  7439 | D        | Noticed the 27-headed Lernaean hydra
  7440 | D        | Noticed a deep elf blademaster
  7441 | D        | Killed the 27-headed Lernaean hydra
  7441 | D        | Killed a deep elf blademaster
  7441 | D        | Killed a titan
  7441 | D        | Killed an Orb Guardian
  7441 | D        | Killed an Orb Guardian
  7442 | D        | Reached XP level 19. HP: 207/207 MP: 19/36
  7515 | D        | Noticed a pearl dragon
  7520 | D        | Noticed an orb of fire
  7521 | D        | Gained mutation: Your muscles are strong. (Str +4, Int/Dex
                  | -1) [an orb of fire]
  7525 | D        | Killed a pearl dragon
  7525 | D        | Gained mutation: Your magical capacity is low. (-10% MP)
                  | [an orb of fire]
  7526 | D        | Noticed Antaeus
  7528 | D        | Banished an orb of fire
  7530 | D        | Noticed a pearl dragon
  7533 | D        | Noticed a pearl dragon
  7552 | D        | Killed a pearl dragon
  7556 | D        | Killed a pearl dragon
  7560 | D        | Killed Antaeus
  7624 | D        | Noticed a Hell Sentinel
  7657 | D        | Killed a Hell Sentinel
  7658 | D        | Reached skill level 27 in Stealth
  7658 | D        | Reached skill level 1 in Evocations
  7684 | D        | Noticed a Hell Sentinel
  7691 | D        | Killed a Hell Sentinel
  7692 | D        | Reached skill level 5 in Evocations
  8008 | D        | Reached skill level 10 in Evocations
  8020 | D        | Reached skill level 15 in Evocations
  8457 | D        | Noticed a Tzitzimitl
  8462 | D        | Killed a Tzitzimitl
  8877 | D        | Noticed Jory
  8882 | D        | Killed Jory
  8884 | D        | Noticed the Serpent of Hell
  8900 | D        | Killed the Serpent of Hell
  9006 | D        | Noticed an ancient lich
  9006 | D        | Noticed the Royal Jelly
  9008 | D        | Killed an ancient lich
  9009 | D        | Reached XP level 20. HP: 216/216 MP: 16/33
  9011 | D        | Killed the Royal Jelly
  9026 | D        | Noticed a Brimstone Fiend
  9030 | D        | Killed a Brimstone Fiend
  9058 | D        | Noticed Loodam the pandemonium lord
  9066 | D        | Killed Loodam the pandemonium lord
  9540 | D        | Identified the ring "Wasor" {rPois rC- Slay+2 SInv}
  9541 | D        | Identified the +6 war axe of Disharmony {pain, rC+ Will+}
  9542 | D        | Reached skill level 27 in Evocations
  9542 | D        | Reached skill level 15 in Earth Magic
  9548 | D        | Reached skill level 15 in Spellcasting
  9548 | D        | Reached XP level 21. HP: 211/224 MP: 3/36
  9621 | D        | Got a golden rune of Zot
  9621 | D        | Got the Precepts of Electricity and Beguiling
  9634 | D        | Got the amulet "Papyfybb" {Reflect rElec Dex+3 SH+5}
  9644 | D        | Got Onijus's Annotations on Ensorcelling
  9646 | D        | Got the ring "Tagu Jich" {Will+ Str+4}
  9733 | D        | Noticed Murray
  9738 | D        | Banished Murray
  9750 | D        | Noticed Mnoleg
  9770 | D        | Killed Mnoleg
 10336 | D        | Noticed a royal mummy
 10353 | D        | Killed a royal mummy
 10707 | D        | Noticed a Killer Klown
 10726 | D        | Killed a Killer Klown
 10772 | D        | Got the ring "Haduoh" {rN+ Str+2}
 10821 | D        | Got the amulet of the Jocular God {RegenMP +Inv rPois
                  | Int+3}
 10863 | D        | Noticed an orb of fire
 10866 | D        | Gained mutation: You occasionally lose the ability to read
                  | scrolls when taking damage. [an orb of fire]
 10867 | D        | Gained mutation: You sometimes lose the ability to read
                  | scrolls when taking damage. [an orb of fire]
 10868 | D        | Killed an orb of fire
 10975 | D        | Noticed Margery
 10980 | D        | Killed Margery
 10992 | D        | Reached skill level 27 in Earth Magic
 11043 | D        | Found the +6 sword of Cerebov {flame}
 11043 | D        | Noticed Cerebov
 11059 | D        | Killed Cerebov
 11239 | D        | Noticed a golden dragon
 11239 | D        | Noticed a pearl dragon
 11246 | D        | Killed a golden dragon
 11246 | D        | Noticed a royal mummy
 11247 | D        | Killed a pearl dragon
 11247 | D        | Noticed a Killer Klown
 11249 | D        | Killed a Killer Klown
 11269 | D        | Killed a royal mummy
 11278 | D        | Found the +7 great mace "Firestarter" {flame, inner flame,
                  | rFlCloud rF++}
 11278 | D        | Found the +11 plutonium sword {Contam Stlth-}
 11281 | D        | Got the ring of Achaorghe {Str+6 Dex+3 Stlth+}
 11283 | D        | Got the ring of the Dragon {Int+6 Dex+3}
 11292 | D        | Got an iron rune of Zot
 11337 | D        | Got the ring "Miweoch" {rN+ Str+5 Dex-2 SInv Stlth+}
 11340 | D        | Got the amulet of Ginwetog {RegenMP Slay+2}
 11342 | D        | Got the amulet "Wikuuwka" {RegenMP rElec rPois Will+ MP-9}
 11346 | D        | Got the ring "Gejuewn" {MP+9 Int+3}
 11348 | D        | Got the ring "Teigg" {Fly rPois rCorr Dex-2}
 11356 | D        | Got the ring "Ephiuj" {rElec rPois Str+6}
 11392 | D        | Noticed an orb of fire
 11398 | D        | Gained mutation: Your magical capacity is very low. (-20%
                  | MP) [an orb of fire]
 11399 | D        | Killed an orb of fire
 11642 | D        | Got the Notes on Assembled Last Rites
 11644 | D        | Got the Essays on the Amassed Sphinx
 11647 | D        | Got Leofacis's Codex of Combative Spelunking
 11651 | D        | Got the Papyrus of the Feathery Vector
 11658 | D        | Got the Catalogue of Ensorcelling
 11670 | D        | Got the amulet of Qoh Kuak {Spirit rF- Str+3 SInv}
 11672 | D        | Got the amulet "Qonytt" {RegenMP rPois rC+ Str+3}
 11813 | D        | Lost mutation: Your muscles are strong. (Str +4, Int/Dex
                  | -1) [potion of mutation]
 11813 | D        | Lost mutation: You sometimes lose the ability to read
                  | scrolls when taking damage. [potion of mutation]
 11813 | D        | Lost mutation: Your magical capacity is very low. (-20% MP)
                  | [potion of mutation]
 11813 | D        | Gained mutation: Your spells are a little harder to cast,
                  | but a little more powerful. [potion of mutation]
 11813 | D        | Gained mutation: You possess an exceptional clarity of
                  | mind. [potion of mutation]
 11813 | D        | Gained mutation: You passively dampen the noise of your
                  | surroundings. [potion of mutation]
 11813 | D        | Gained mutation: You are partially covered in large bone
                  | plates. (SH +4) [potion of mutation]
 11814 | D        | Lost mutation: Your magical capacity is low. (-10% MP)
                  | [potion of mutation]
 11814 | D        | Lost mutation: You passively dampen the noise of your
                  | surroundings. [potion of mutation]
 11814 | D        | Gained mutation: You are partially covered in iridescent
                  | scales. (AC +2) [potion of mutation]
 11814 | D        | Gained mutation: You are strong-willed. (Will+) [potion of
                  | mutation]
 11814 | D        | Gained mutation: You are somewhat resistant to further
                  | mutation. [potion of mutation]
 11902 | D        | Lost mutation: You possess an exceptional clarity of mind.
                  | [potion of mutation]
 11902 | D        | Lost mutation: You are strong-willed. (Will+) [potion of
                  | mutation]
 11902 | D        | Lost mutation: You are partially covered in large bone
                  | plates. (SH +4) [potion of mutation]
 11903 | D        | Lost mutation: You are somewhat resistant to further
                  | mutation. [potion of mutation]
 11903 | D        | Lost mutation: Your spells are a little harder to cast, but
                  | a little more powerful. [potion of mutation]
 11903 | D        | Gained mutation: You have sharp toenails. [potion of
                  | mutation]
 11903 | D        | Gained mutation: You are covered in fur. (AC +1) [potion of
                  | mutation]
 11903 | D        | Lost mutation: You are partially covered in iridescent
                  | scales. (AC +2) [potion of mutation]
 11903 | D        | Gained mutation: You possess an exceptional clarity of
                  | mind. [potion of mutation]
 12009 | D        | Lost mutation: You occasionally lose the ability to read
                  | scrolls when taking damage. [potion of mutation]
 12009 | D        | Lost mutation: You are covered in fur. (AC +1) [potion of
                  | mutation]
 12009 | D        | Gained mutation: Your system is resistant to poisons.
                  | (rPois) [potion of mutation]
 12098 | D        | Upgraded the game from 0.30-a0-870-gc5d4c5acee to
                  | 0.30-a0-879-ga8ba668304
 12531 | D        | Got the ring "Koforrul" {rElec EV+5}
 12663 | D        | Got the ring "Kiwe" {Wiz Dex+6}
 12665 | D        | Got the ring of Vor Qot {Fly Int+2}
 12848 | D        | Got the Orb of Zot
 12854 | D        | Reached XP level 22. HP: 233/233 MP: 42/51
 12859 | D        | Noticed an ancient lich
 12861 | D        | Noticed Tesewom the pandemonium lord
 12872 | D        | Killed Tesewom the pandemonium lord
 12875 | D        | Killed an ancient lich
 12988 | D        | Noticed a seraph
 12993 | D        | Noticed a profane servitor
 13001 | D        | Slain by a seraph

Illustrated notes

Levels and vault maps discovered:
D:        pitsprint [storerooms_1, entrance_room_1, metal_vault_2, armoury_2,
          mini_pit_1, grid_room_1, main_hall_1, silver_pit, the_coven_2,
          the_vestibule_1, steel_vault_1, golden_pit, hallway_of_sentries,
          crystal_vault_6, iron_vault_1, final_vault]

Skill      XL: |  1  2  3  4  5  6  7  8  9 10 11 12 13 14 15 16 17 18 19 20 21 22 |
---------------+-------------------------------------------------------------------+-----
Axes           | 5 6 7 9 10 11 12 14 16 19 20 23 27 | 27.0
Fighting       | 5 6 7 8 10 12 13 15 17 18 21 25 27 | 27.0
Armour         | 5 6 7 9 11 12 14 16 17 20 23 27 | 27.0
Shields        | 5 6 7 8 9 10 11 12 14 16 17 20 25 27 | 27.0
Invocations    | 5 8 11 13 15 18 20 24 26 27 | 27.0
Dodging        | 11 24 27 | 27.0
Stealth        | 22 27 | 27.0
Evocations     | 22 27 | 27.0
Spellcasting   | 15 25 26 | 26.6
Earth Magic    | 21 27 | 27.0

Action                     |  1- 3 |  4- 6 |  7- 9 | 10-12 | 13-15 | 16-18 | 19-21 | 22-24 || total
---------------------------+-------+-------+-------+-------+-------+-------+-------+-------++-------
  Melee: War axe           |     6 |    99 |    48 |       |       |       |       |       ||   153
         Broad axe         |       |       |    12 |    91 |   134 |   149 |   353 |    23 ||   762
 Invoke: Disaster Area     |       |       |     2 |     8 |    12 |    23 |     8 |       ||    53
         Upheaval          |       |       |     2 |     1 |       |       |       |       ||     3
         Elemental Force   |       |       |       |       |       |     1 |       |       ||     1
    Use: Potion            |     3 |     1 |       |     2 |     2 |     5 |     9 |     4 ||    26
         Scroll            |       |       |       |     6 |     8 |     2 |     1 |       ||    17
   Stab: Paralysed         |       |       |       |       |       |     2 |       |       ||     2
         Distracted        |       |       |       |       |       |       |     1 |       ||     1
 Armour: Scale mail        |     3 |    18 |       |       |       |       |       |       ||    21
         Plate armour      |       |    58 |    24 |   102 |    54 |       |       |       ||   238
         Gold dragon scale |       |       |       |       |       |    88 |   140 |    32 ||   260
  Dodge: Dodged            |     3 |    43 |    19 |    42 |    24 |    39 |    91 |    18 ||   279
         Repelled          |       |       |       |     2 |       |     3 |     9 |     1 ||    15
  Block: Buckler           |     1 |    71 |    39 |    95 |    13 |       |       |       ||   219
         Tower shield      |       |       |       |       |   131 |   182 |   466 |    73 ||   852
         Reflection        |       |       |       |       |       |       |     3 |       ||     3

Table legend: (Time is in decaauts) A = Elapsed time spent in this place. B = Non-inter-level travel time spent in this place. C = Inter-level travel time spent in this place. D = Time resting spent in this place. E = Time spent auto-exploring this place. F = Levels seen in this place. G = Mean time per level. A B C D E F G +--------+--------+--------+--------+--------+-----+--------+ Total | 12858 | 12037 | 821 | 7333 | 1297 | 1 | 12858.0 | Dungeon | 12858 | 12037 | 821 | 7333 | 1297 | 1 | 12858.0 | +--------+--------+--------+--------+--------+-----+--------+

Top non-repeatable levels by time:
       D: 12858 daAuts
